 Dungeon Crawl Stone Soup version 0.29.1-12-g30fa7ad0bf (webtiles) character file.

Game seed: 843278717807542749

1061 xzight the Grasshopper (level 8, -7/55 (64) HPs)
             Began as a Gnoll Warper on Dec 30, 2022.
             Was a Follower of Cheibriados.
             Mangled by a wight
             ... wielding a +5 flail
              (13 damage)
             ... on level 6 of the Dungeon.
             The game lasted 00:08:46 (6355 turns).

xzight the Grasshopper (Gnoll Warper)               Turns: 6355, Time: 00:08:46

HP:   -7/55 (64)    AC:  6    Str: 13    XL:     8   Next: 27%
MP:   17/17         EV: 12    Int: 17    God:    Cheibriados [*.....]
Gold: 366           SH:  0    Dex: 13    Spells: 19/19 levels left

rFire   + + .      SeeInvis .   q - +1 trident (venom)
rCold   . . .      Faith    .   (no shield)
rNeg    . . .      Spirit   .   l - +1 ring mail {rF+}
rPois   .          Reflect  .   (no helmet)
rElec   .          Harm     .   (no cloak)
rCorr   .          Rampage  .   (no gloves)
Will    +....                   (no boots)
Stlth   ++........              (no amulet)
HPRegen 0.18/turn               F - ring of protection from fire
MPRegen 0.15/turn               W - ring of willpower

@: heavily drained, very slow
A: fangs 1, strong nose, distributed training
a: Renounce Religion, Bend Time


You were on level 6 of the Dungeon.
You worshipped Cheibriados.
Cheibriados was aware of your devotion.
You visited 2 branches of the dungeon, and saw 7 of its levels.

You collected 366 gold pieces.


Innate Abilities, Weirdness & Mutations

You have very sharp teeth.
Your uncanny sense of smell can sniff out nearby items.
Your experience applies equally to all skills.


   Skills:
 + Level 5.6 Fighting
 + Level 3.2 Short Blades
 + Level 3.2 Long Blades
 + Level 3.2 Axes
 + Level 3.2 Maces & Flails
 + Level 5.6 Polearms
 + Level 3.2 Staves
 + Level 3.2 Ranged Weapons
 + Level 4.2 Throwing
 + Level 4.2 Armour
 + Level 5.6 Dodging
 + Level 3.2 Stealth
 + Level 3.2 Shields
 + Level 3.2 Unarmed Combat
 + Level 6.0 Spellcasting
 + Level 2.6 Conjurations
 + Level 2.6 Hexes
 + Level 2.6 Summonings
 + Level 2.6 Necromancy
 + Level 6.1 Translocations
 + Level 2.6 Transmutations
 + Level 2.6 Fire Magic
 + Level 2.6 Ice Magic
 + Level 2.6 Air Magic
 + Level 2.6 Earth Magic
 + Level 2.6 Poison Magic
 + Level 3.5 Invocations
 + Level 3.2 Evocations


You had 19 spell levels left.
You didn't know any spells.
Your spell library contained the following spells:

 Spells                   Type           Power      Damage    Failure   Level
 Blink                    Tloc           52%        N/A       3%          2
 Gell's Gravitas          Tloc           26%        N/A       6%          3
 Lesser Beckoning         Tloc           26%        N/A       6%          3
 Teleport Other           Tloc           26%        N/A       6%          3
 Sandblast                Erth           28%        2d8       9%          1
 Passwall                 Tmut/Erth      11%        N/A       13%         2
 Confusing Touch          Hex            14%        N/A       26%         3
 Stone Arrow              Conj/Erth      28%        3d8       26%         3
 Manifold Assault         Tloc           26%        N/A       52%         5
 Animate Armour           Summ/Erth      28%        N/A       65%         4
 Yara's Violent Unravell  Hex/Tmut       7%         3d5       94%         5
 Enfeeble                 Hex            7%         N/A       100%        7
 Lehudib's Crystal Spear  Conj/Erth      7%         10d3      100%        8

Inventory:

Hand Weapons
 n - a +1 whip of draining
 q - a +1 trident of venom (weapon)
Missiles
 a - 10 atropa-tipped darts (quivered)
 d - 7 boomerangs of dispersal {=f}
 p - 3 boomerangs
Armour
 l - a +1 ring mail of fire resistance (worn)
Jewellery
 F - a ring of protection from fire (left hand)
 W - a ring of willpower (right hand)
Wands
 v - a wand of light (4)
Scrolls
 b - 2 scrolls of immolation
 c - 2 scrolls of blinking
 h - a scroll of enchant armour {unknown}
 j - 6 scrolls of identify {unknown}
 k - 2 scrolls of teleportation {unknown}
 m - a scroll of vulnerability {unknown}
 r - a scroll of summoning
Potions
 e - a potion of degeneration {unknown}
 f - 2 potions of ambrosia {unknown}
 g - a potion of berserk rage {unknown}
 i - 3 potions of cancellation {unknown}
 o - a potion of mutation {unknown}
 s - a potion of curing {unknown}
 t - a potion of invisibility {unknown}
 u - a potion of might {unknown}

Dungeon Overview and Level Annotations

Branches:
Dungeon (6/15)             Temple (1/1) D:4

Altars:
Ashenzari
Cheibriados
Elyvilon
Fedhas
Gozag
Hepliaklqana
Makhleb
Nemelex Xobeh
Okawaru
Qazlal
Trog
Uskayaw
Vehumet
Wu Jian
Xom
Yredelemnul
Zin
The Shining One

Annotations:
D:3 3 runed translucent doors, xzight's ghost, amateur GnWr
D:5 1 runed translucent door, Rangus's ghost, novice OpWn
Temple 2 transporters

∆
#####+###.
∆
#.........
#@z.......
#z........
#########.
∆ ∆


You could see 2 wights.


Message History

You feel drained. The wight barely misses you.
You hit the wight. Your bite misses the wight.
The wight is moderately damaged.
The wight misses you.
The wight hits you with a +0 long sword!
You barely miss the wight. You bite the wight, but do no damage.
The wight is moderately damaged.
The wight hits you with a +5 flail.
* * * LOW HITPOINT WARNING * * *
You feel drained.
* * * LOW HITPOINT WARNING * * *
The wight hits you with a +0 long sword!
* * * LOW HITPOINT WARNING * * *
You are too injured to fight recklessly!
You are too injured to fight recklessly!
You are too injured to fight recklessly!
You barely miss the wight.
The wight hits you with a +0 long sword.
* * * LOW HITPOINT WARNING * * *
You feel drained. The wight misses you.
You hit the wight. Your bite misses the wight.
The wight is lightly damaged.
The wight hits you but does no damage. The wight hits you with a +5 flail!
* * * LOW HITPOINT WARNING * * *
You feel drained.
* * * LOW HITPOINT WARNING * * *
You hit the wight.
The wight is heavily damaged.
The wight closely misses you. The wight hits you with a +5 flail!
You die...

Skill      XL: |  1  2  3  4  5  6  7  8 |
---------------+-------------------------+-----
Spellcasting   | 5 6 |  6.0
Invocations    | 1 2 3 |  3.5
Short Blades   | 1 2 3 |  3.2
Long Blades    | 1 2 3 |  3.2
Axes           | 1 2 3 |  3.2
Maces & Flails | 1 2 3 |  3.2
Staves         | 1 2 3 |  3.2
Ranged Weapons | 1 2 3 |  3.2
Stealth        | 1 2 3 |  3.2
Shields        | 1 2 3 |  3.2
Unarmed Combat | 1 2 3 |  3.2
Evocations     | 1 2 3 |  3.2
Conjurations   | 1 2 |  2.6
Hexes          | 1 2 |  2.6
Summonings     | 1 2 |  2.6
Necromancy     | 1 2 |  2.6
Transmutations | 1 2 |  2.6
Fire Magic     | 1 2 |  2.6
Ice Magic      | 1 2 |  2.6
Air Magic      | 1 2 |  2.6
Earth Magic    | 1 2 |  2.6
Poison Magic   | 1 2 |  2.6
Throwing       | 3 4 |  4.2
Armour         | 3 4 |  4.2
Fighting       | 5 |  5.6
Polearms       | 5 |  5.6
Dodging        | 5 |  5.6
Translocations | 6 |  6.1

Action                   |  1- 3 |  4- 6 |  7- 9 || total
-------------------------+-------+-------+-------++-------
Melee: Spear             |   176 |       |       ||   176
       Bite              |     7 |     9 |    15 ||    31
       Whip              |    14 |    89 |       ||   103
       Punch             |     2 |     1 |       ||     3
       Trident           |       |    24 |   126 ||   150
Throw: Dart              |       |     4 |       ||     4
 Stab: Sleeping          |       |       |     3 ||     3
       Distracted        |       |       |     1 ||     1
Armor: Leather armour    |    21 |       |       ||    21
       Ring mail         |    19 |    36 |    34 ||    89
Dodge: Dodged            |    71 |    46 |    85 ||   202

Levels and vault maps discovered:
D:1:      onia_arrival_zoo_common, layout_rooms, moated_statue,
          corexii_item_surrounded_by_moat
D:2:      layout_basic, shapermc_ecumenical_altar_mp_highgroup, minmay_quantized
D:3:      layout_loops_ring, nicolae_yredelemnul_ghost_church
D:4:      layout_basic, gammafunk_temple_overflow_pools, temple_pool_b,
          nrook_campfire, reono_crystal_passage, uniq_menkaure
D:5:      layout_cave_pools, vehumet_crystals, ebering_ghost_inner_flame,
          hangedman_decor_lopped, chequers_serial_rivers_room_a, uniq_ijyb
D:6:      layout_gridville
Temple:   hellmonk_temple_divided_pantheon

Notes
Turn   | Place    | Note
-------+----------+-------------------------------------------
     0 | D:1      | xzight the Gnoll Warper began the quest for the Orb.
     0 | D:1      | Reached XP level 1. HP: 20/20 MP: 6/6
     6 | D:1      | Noticed a snapping turtle
     6 | D:1      | Noticed a polar bear
     6 | D:1      | Noticed a scorpion
     7 | D:1      | Noticed a rime drake
     7 | D:1      | Noticed a hog
   241 | D:1      | Reached XP level 2. HP: 26/26 MP: 7/7
   648 | D:1      | Reached skill level 5 in Spellcasting
   648 | D:1      | Reached XP level 3. HP: 14/31 MP: 7/9
  1357 | D:2      | Reached skill level 1 in Invocations
  1359 | D:2      | HP: 3/31 [poisoned by an adder]
  1873 | D:2      | Found a faded altar of an unknown god.
  1952 | D:2      | Reached skill level 1 in Short Blades
  1952 | D:2      | Reached skill level 1 in Long Blades
  1952 | D:2      | Reached skill level 1 in Axes
  1952 | D:2      | Reached skill level 1 in Maces & Flails
  1952 | D:2      | Reached skill level 1 in Staves
  1952 | D:2      | Reached skill level 1 in Ranged Weapons
  1952 | D:2      | Reached skill level 1 in Stealth
  1952 | D:2      | Reached skill level 1 in Shields
  1952 | D:2      | Reached skill level 1 in Unarmed Combat
  1952 | D:2      | Reached skill level 1 in Evocations
  2616 | D:3      | Reached XP level 4. HP: 31/38 MP: 11/11
  2927 | D:3      | Reached skill level 1 in Conjurations
  2927 | D:3      | Reached skill level 1 in Hexes
  2927 | D:3      | Reached skill level 1 in Summonings
  2927 | D:3      | Reached skill level 1 in Necromancy
  2927 | D:3      | Reached skill level 1 in Transmutations
  2927 | D:3      | Reached skill level 1 in Fire Magic
  2927 | D:3      | Reached skill level 1 in Ice Magic
  2927 | D:3      | Reached skill level 1 in Air Magic
  2927 | D:3      | Reached skill level 1 in Earth Magic
  2927 | D:3      | Reached skill level 1 in Poison Magic
  3030 | D:3      | Found a runed translucent gate.
  3030 | D:3      | Found a runed translucent gate.
  3030 | D:3      | Found a runed translucent gate.
  3030 | D:3      | Noticed xzight's ghost (amateur GnWr)
  3032 | D:3      | Found a basalt altar of Yredelemnul.
  3069 | D:3      | Reached skill level 3 in Throwing
  3069 | D:3      | Reached skill level 3 in Armour
  3069 | D:3      | Reached XP level 5. HP: 21/43 MP: 12/12
  4079 | D:4      | Noticed an ogre
  4091 | D:4      | Killed an ogre
  4092 | D:4      | Reached skill level 2 in Invocations
  4092 | D:4      | Reached XP level 6. HP: 32/50 MP: 14/14
  4295 | D:4      | Found a hazy altar of Hepliaklqana.
  4296 | D:4      | Found a white marble altar of Elyvilon.
  4362 | D:4      | Found a staircase to the Ecumenical Temple.
  4388 | Temple   | Entered the Ecumenical Temple
  4388 | Temple   | Found a transporter.
  4388 | Temple   | Found a transporter.
  4390 | Temple   | Found a transporter.
  4390 | Temple   | Found a transporter.
  4408 | Temple   | Became a worshipper of Cheibriados the Contemplative
  4458 | D:4      | Reached skill level 5 in Fighting
  4458 | D:4      | Reached skill level 2 in Short Blades
  4458 | D:4      | Reached skill level 2 in Long Blades
  4458 | D:4      | Reached skill level 2 in Axes
  4458 | D:4      | Reached skill level 2 in Maces & Flails
  4458 | D:4      | Reached skill level 5 in Polearms
  4458 | D:4      | Reached skill level 2 in Staves
  4458 | D:4      | Reached skill level 2 in Ranged Weapons
  4458 | D:4      | Reached skill level 5 in Dodging
  4458 | D:4      | Reached skill level 2 in Stealth
  4458 | D:4      | Reached skill level 2 in Shields
  4458 | D:4      | Reached skill level 2 in Unarmed Combat
  4458 | D:4      | Reached skill level 2 in Evocations
  4686 | D:4      | Noticed Menkaure
  4704 | D:4      | Killed Menkaure
  4705 | D:4      | Reached XP level 7. HP: 40/56 MP: 15/15
  5127 | D:5      | Entered Level 5 of the Dungeon
  5147 | D:5      | Reached skill level 2 in Conjurations
  5147 | D:5      | Reached skill level 2 in Hexes
  5147 | D:5      | Reached skill level 2 in Summonings
  5147 | D:5      | Reached skill level 2 in Necromancy
  5147 | D:5      | Reached skill level 2 in Transmutations
  5147 | D:5      | Reached skill level 2 in Fire Magic
  5147 | D:5      | Reached skill level 2 in Ice Magic
  5147 | D:5      | Reached skill level 2 in Air Magic
  5147 | D:5      | Reached skill level 2 in Earth Magic
  5147 | D:5      | Reached skill level 2 in Poison Magic
  5257 | D:5      | Reached skill level 3 in Invocations
  5489 | D:5      | Reached skill level 6 in Translocations
  5550 | D:5      | Reached * piety under Cheibriados
  5613 | D:5      | Found a radiant altar of Vehumet.
  5618 | D:5      | Reached skill level 3 in Short Blades
  5618 | D:5      | Reached skill level 3 in Long Blades
  5618 | D:5      | Reached skill level 3 in Axes
  5618 | D:5      | Reached skill level 3 in Maces & Flails
  5618 | D:5      | Reached skill level 3 in Staves
  5618 | D:5      | Reached skill level 3 in Ranged Weapons
  5618 | D:5      | Reached skill level 4 in Throwing
  5618 | D:5      | Reached skill level 4 in Armour
  5618 | D:5      | Reached skill level 3 in Stealth
  5618 | D:5      | Reached skill level 3 in Shields
  5618 | D:5      | Reached skill level 3 in Unarmed Combat
  5618 | D:5      | Reached skill level 3 in Evocations
  5618 | D:5      | Reached XP level 8. HP: 54/63 MP: 16/16
  5866 | D:5      | Noticed Ijyb
  5878 | D:5      | Killed Ijyb
  5879 | D:5      | Reached skill level 6 in Spellcasting
  6024 | D:5      | Found a runed translucent door.
  6024 | D:5      | Noticed Rangus's ghost (novice OpWn)
  6024 | D:5      | Noticed a kobold demonologist
  6355 | D:6      | Mangled by a wight

Vanquished Creatures
  Menkaure (D:4)
  4 ogres
  A scorpion (D:5)
  A wight (D:5)
  A water moccasin zombie (D:3)
  4 hounds (D:5)
  2 jellies (D:5)
  An iguana (D:5)
  Ijyb (D:5)
  2 orc wizards (D:5)
  5 adders
  3 ufetubi (D:5)
  An adder zombie (D:3)
  A worm (D:1)
  11 orcs
  3 endoplasms (D:1)
  2 giant cockroaches (D:1)
  11 goblins
  6 hobgoblins
  10 kobolds
  5 quokkas
  3 ball pythons
  6 bats
  4 frilled lizards
  5 rats
94 creatures vanquished.

Table legend: (Time is in decaauts)
 A = Elapsed time spent in this place.
 B = Non-inter-level travel time spent in this place.
 C = Inter-level travel time spent in this place.
 D = Time resting spent in this place.
 E = Time spent auto-exploring this place.
 F = Levels seen in this place.
 G = Mean time per level.
                   A        B        C        D        E       F      G
               +--------+--------+--------+--------+--------+-----+--------+
         Total |   6654 |   6444 |    210 |   2024 |   3450 |   7 |  950.6 |
       Dungeon |   6616 |   6415 |    201 |   2024 |   3444 |   6 | 1102.7 |
        Temple |     37 |     28 |      9 |      0 |      6 |   1 |   37.0 |
               +--------+--------+--------+--------+--------+-----+--------+

Top non-repeatable levels by time:
     D:3: 1579 daAuts
     D:5: 1326 daAuts
     D:1: 1318 daAuts
     D:4: 1254 daAuts
     D:2: 1122 daAuts
  Temple: 37 daAuts
     D:6: 14 daAuts

Table legend:
 A = Non-vault XP
 B = Vault XP
 C = Vault XP percentage of total XP
 D = Non-vault monster count
 E = Vault monster count
 F = Vault count percentage of total count
                 A         B        C        D         E       F
            +---------+---------+-------+---------+---------+-------
      Total |    1220 |     297 |  19.6 |      89 |       5 |   5.3
            +---------+---------+-------+---------+---------+-------
        D:1 |      40 |       0 |   0.0 |      22 |       0 |   0.0
        D:2 |      31 |       2 |   6.1 |      12 |       1 |   7.7
        D:3 |      75 |      84 |  52.8 |      26 |       2 |   7.1
        D:4 |     246 |     175 |  41.6 |       7 |       1 |  12.5
        D:5 |     828 |      36 |   4.2 |      22 |       1 |   4.3
            +---------+---------+-------+---------+---------+-------
